 Dungeon Crawl Stone Soup version bcrawl-1.12-8-g964540c432 (webtiles) character file.

Game seed: 1353614305037107989

195 Hercules1031 the Shield-Bearer (level 5, -8/45 HPs)
             Began as a Demigod Fighter on June 8, 2019.
             Mangled by an ogre
             ... wielding a +0 giant spiked club
              (15 damage)
             ... on level 3 of the Dungeon.
             The game lasted 00:10:22 (2109 turns).

Hercules1031 the Shield-Bearer (Demigod Fighter)    Turns: 2109, Time: 00:10:23

Health: -8/45      AC: 17    Str: 22    XL:     5   Next: 45%
Magic:  9/9        EV:  4    Int: 14    God:    Demigod [**....]
Gold:   217        SH: 10    Dex: 16    Spells: 4/4 levels left

rFire    . . .     SeeInvis .   a - +0 war axe
rCold    . . .     Gourm    .   c - +0 shield
rNeg     . . .     Faith    .   j - +0 plate armour
rPois    .         Spirit   .   g - +0 helmet
rElec    .         Reflect  .   s - +0 cloak
rCorr    .         Harm     .   (no gloves)
MR       .....                  r - +1 pair of boots {Stlth+}
Stlth    ..........             (no amulet)
HPRegen  0.15/turn              (no ring)
MPRegen  0.11/turn              (no ring)

@: no status effects
A: thin metallic scales 1, clever 1, high mp 1, evolution 1
a: Temporal Distortion, Growth


You were on level 3 of the Dungeon.
You worshipped Demigod.
Demigod was pleased with you.
You were not hungry.

You visited 1 branch of the dungeon, and saw 3 of its levels.

You collected 217 gold pieces.

Inventory:

Hand Weapons
 a - a +0 war axe (weapon)
 i - a cursed -3 club
Armour
 c - a +0 shield (worn)
 g - a +0 helmet (worn)
 j - a +0 plate armour (worn)
 r - a +1 pair of boots of stealth (worn)
 s - a +0 cloak (worn)
Scrolls
 k - 2 scrolls of fear
 o - a scroll of teleportation
Potions
 d - a potion of might
 e - a potion of invisibility {unknown}
 h - a potion of flight {unknown}
 l - a potion of haste {unknown}
 n - a potion of heal wounds {unknown}
 p - a potion of ambrosia {unknown}
 q - a potion of resistance {unknown}
Comestibles
 f - 4 rations {!d}


   Skills:
 + Level 3.3 Fighting
 + Level 2.6 Axes
 + Level 3.2 Armour
 + Level 1.6 Dodging
 + Level 3.4 Shields
 + Level 2.5 Invocations


You had 4 spell levels left.
You didn't know any spells.
Your spell library was empty.

Dungeon Overview and Level Annotations

Branches:
Dungeon (3/12)


Innate Abilities, Weirdness & Mutations

You have an increased reservoir of magic. (+10% MP)
You are partially covered in thin metallic scales. (AC +2)
Your mind is acute. (Int +2)
You evolve.


Message History

You hit the ogre.
The ogre is heavily wounded.
You block the ogre's attack.
Your plate armour prevents you from hitting the ogre.
The ogre is heavily wounded.
You feel sick.
You are no longer poisoned.
You block the ogre's attack.
Your plate armour prevents you from hitting the ogre.
The ogre is heavily wounded.
The ogre hits you with a +0 giant spiked club!
Your shield and plate armour prevent you from hitting the ogre.
The ogre is heavily wounded.
The ogre hits you with a +0 giant spiked club!
* * * LOW HITPOINT WARNING * * *
You hit the ogre but do no damage.
The ogre is heavily wounded.
The ogre hits you with a +0 giant spiked club!
You die...
Your divinity fades.

....####### #..##..#.##
....#*##8##*##.#...#..#
..(.#*8...8##....###.##
....#*,....####.##*#.#
....#_,,,,,_#...# *..#
....#*,,,,,*#...###.##
....#*8,,,8*###.....#
....#*,,,,,*#..##...##
....#8,,,,,8#...@.[..#
....#*,,,,,*#...O#####******
....#*8,,,8*#....#*,,,**,>,**
....#***>#**#.##.#,,,,,,,,,,**
....# **##* #.*#..,,,,,,,,,,,*
....##**.#* #.#...,,,,,,,,,,,*
.....###.# ##.#.#....,,,,,,,,*
#..#...#.###.....#...,,,,,,,**
#..###.#.##..........,**,,,**


You could see an ogre.

Vanquished Creatures
  A howler monkey (D:3)
  Crazy Yiuf (D:3)
  Natasha (D:3)
  2 adders
  5 worms
  3 dart slugs
  7 leopard geckos
  2 ball pythons (D:2)
  6 giant cockroaches (D:1)
  4 goblins
  7 hobgoblins
  8 bats
  4 frilled lizards
  7 kobolds
  7 rats
65 creatures vanquished.

Notes
Turn   | Place    | Note
-------+----------+-------------------------------------------
     0 | D:1      | Hercules1031 the Demigod Fighter began the quest for the
                  | Orb.
     0 | D:1      | Reached XP level 1. HP: 18/18 MP: 3/3
    65 | D:1      | Reached skill level 1 in Invocations
    65 | D:1      | Reached XP level 2. HP: 14/25 MP: 5/5
   294 | D:1      | Reached * piety under Demigod
   344 | D:1      | Reached XP level 3. HP: 25/30 MP: 6/6
   593 | D:2      | Reached skill level 1 in Dodging
   655 | D:2      | Reached XP level 4. HP: 31/38 MP: 7/7
   819 | D:2      | Gained mutation: You occasionally shout uncontrollably at
                  | your foes. [potion of mutation]
   819 | D:2      | Gained mutation: You have large cloven feet. [potion of
                  | mutation]
   820 | D:2      | Lost mutation: You occasionally shout uncontrollably at
                  | your foes. [potion of mutation]
   820 | D:2      | Lost mutation: You have large cloven feet. [potion of
                  | mutation]
   820 | D:2      | Gained mutation: Your muscles are strong. (Str +2) [potion
                  | of mutation]
   820 | D:2      | Gained mutation: Armour fits poorly on your strangely
                  | shaped body. [potion of mutation]
   820 | D:2      | Gained mutation: Your muscles are very strong. (Str +4)
                  | [potion of mutation]
   820 | D:2      | Gained mutation: Your system is resistant to poisons.
                  | (rPois) [potion of mutation]
   821 | D:2      | Lost mutation: Your system is resistant to poisons. (rPois)
                  | [potion of mutation]
   821 | D:2      | Lost mutation: Armour fits poorly on your strangely shaped
                  | body. [potion of mutation]
   821 | D:2      | Lost mutation: Your muscles are very strong. (Str +4)
                  | [potion of mutation]
   821 | D:2      | Lost mutation: Your muscles are strong. (Str +2) [potion of
                  | mutation]
   821 | D:2      | Gained mutation: Your mind is acute. (Int +2) [potion of
                  | mutation]
   821 | D:2      | Gained mutation: You evolve. [potion of mutation]
   821 | D:2      | Gained mutation: You are partially covered in thin metallic
                  | scales. (AC +2) [potion of mutation]
  1117 | D:2      | Found a stormy altar of Qazlal.
  1193 | D:2      | Found a glowing golden altar of the Shining One.
  1825 | D:3      | Found a shimmering altar of Xom.
  1916 | D:3      | Found a runed door.
  1990 | D:3      | Noticed Crazy Yiuf
  2001 | D:3      | Killed Crazy Yiuf
  2001 | D:3      | Reached XP level 5. HP: 37/45 MP: 9/9
  2031 | D:3      | Noticed Natasha
  2036 | D:3      | Killed Natasha
  2036 | D:3      | Reached ** piety under Demigod
  2101 | D:3      | Noticed an ogre
  2109 | D:3      | Mangled by an ogre

Skill      XL: |  1  2  3  4 |
---------------+-------------+-----
Invocations    | 1 2 |  2.5
Axes           | 2 |  2.6
Shields        | 3 |  3.4
Fighting       | 3 |  3.3
Armour         | 3 |  3.2
Dodging        | 1 |  1.6

Action                   |  1- 3 |  4- 6 || total
-------------------------+-------+-------++-------
Melee: War axe           |   115 |    83 ||   198
  Use: Scroll            |       |     7 ||     7
       Potion            |       |     3 ||     3
  Eat: Ration            |       |     2 ||     2
Armor: Scale mail        |    63 |    34 ||    97
       Plate armour      |       |    10 ||    10
Dodge: Dodged            |    39 |    31 ||    70
Block: Shield            |    66 |    56 ||   122
